 Dungeon Crawl Stone Soup version 0.22.1-1-ga44c0e56f4 (webtiles) character file.

3721 Nixze the Thaumaturge (level 9, -9/50 (51) HPs)
             Began as a Deep Elf Ice Elementalist on Nov 2, 2018.
             Was a Believer of Sif Muna.
             Shot with a bolt by an orc warrior (25 damage)
             ... in a bailey.
             The game lasted 00:38:16 (12244 turns).

Nixze the Thaumaturge (Deep Elf Ice Elementalist)  Turns: 12244, Time: 00:38:17

HP:   -9/50 (51)    AC:  9    Str:  9    XL:     9   Next: 92%
MP:   23/24         EV: 15    Int: 32    God:    Sif Muna [**....]
Gold: 291           SH:  0    Dex: 15    Spells: 12/26 levels left

rFire    . . .     SeeInvis .   s - +2 dagger (protect)
rCold    + . .     Gourm    .   (no shield)
rNeg     . . .     Faith    .   o - +1 robe {rC+}
rPois    .         Spirit   .   p - +0 helmet
rElec    +         Reflect  .   n - +0 cloak (curse)
rCorr    .         Harm     .   v - +0 pair of gloves
MR       .....     NoTele   +   B - +2 pair of boots of Winter {-Tele rElec Str+4 Int+8}
Stlth    +++.......             (no amulet)
HPRegen  0.16/turn              (no ring)
MPRegen  0.19/turn              (no ring)

@: divine energy
A: no striking features
a: Stop Divine Energy, Renounce Religion


You were in a bailey.
You worshipped Sif Muna.
Sif Muna was pleased with you.
You were not hungry.

You visited 2 branches of the dungeon, and saw 10 of its levels.
You also visited: Bailey.

You collected 447 gold pieces.
You spent 156 gold pieces at shops.

Inventory:

Hand Weapons
 r - a cursed -3 mace
 s - a +2 dagger of protection (weapon)
Armour
 j - a +0 shield
 m - a +0 pair of boots
 n - a cursed +0 cloak (worn)
 o - a +1 robe of cold resistance (worn)
 p - a +0 helmet (worn)
 v - a +0 pair of gloves (worn)
 B - the +2 pair of boots of Winter (worn) {-Tele rElec Str+4 Int+8}
   (You found it on level 7 of the Dungeon)

   It affects your strength (+4).
   It affects your intelligence (+8).
   It insulates you from electricity.
   It prevents most forms of teleportation.
Wands
 y - a wand of flame (24)
Scrolls
 a - a scroll of blinking
 e - 2 scrolls of identify
 g - 2 scrolls of teleportation
 x - 5 scrolls of remove curse
 D - a scroll of enchant armour {unknown}
Potions
 b - 3 potions of flight
 d - a potion of heal wounds
 f - 3 potions of might
 h - a potion of invisibility
 k - 3 potions of haste
 l - 5 potions of curing
 z - a potion of brilliance
 A - a potion of magic
 C - a potion of degeneration {unknown}
Comestibles
 c - 12 rations


   Skills:
 + Level 3.3 Fighting
 - Level 5.0 Dodging
 - Level 5.2 Stealth
 - Level 9.0 Spellcasting
 - Level 7.0 Conjurations
 - Level 5.0 Charms
 - Level 5.0 Summonings
 + Level 7.6 Ice Magic


You had 12 spell levels left.
You knew the following spells:

 Your Spells              Type           Power        Failure   Level  Hunger
a - Freeze                Ice            ####         1%          1    None
b - Throw Frost           Conj/Ice       ######       1%          2    None
c - Ozocubu's Armour      Chrm/Ice       ######..     1%          3    None
d - Throw Icicle          Conj/Ice       ######..     1%          4    None
e - Summon Ice Beast      Ice/Summ       ######..     2%          4    None

Your spell library contained the following spells:

 Spells                   Type           Power        Failure   Level  Hunger


Dungeon Overview and Level Annotations

Branches:
Dungeon (9/15)             Temple (1/1) D:5             Orc (0/2) D:9
   Lair: D:8-11

Altars:
Ashenzari
Cheibriados
Dithmenos
Elyvilon
Fedhas
Gozag
Hepliaklqana
Kikubaaqudgha
Makhleb
Nemelex Xobeh
Okawaru
Qazlal
Ru
Sif Muna
Trog
Uskayaw
Vehumet
Wu Jian
Xom
Yredelemnul
Zin

Shops:
D:6 !

Annotations:
D:3 Grinder


Message History

The puff of frost hits the orc.
You kill the orc!
Sif Muna accepts your kill.
The orc warrior shouts!
The orc warrior shoots a bolt.
The bolt completely misses you.
The orc shoots a bolt.
The bolt hits you!
You see here a bolt.
Casting: Throw Frost (safe; 1% risk of failure)
Confirm with . or Enter, or press ? or * to list all spells.
You can't see any susceptible monsters within range! (Use Z to cast anyway.)
The orc warrior shoots a bolt.
The bolt closely misses you.
You see here a bolt.
Casting: Throw Frost (safe; 1% risk of failure)
Confirm with . or Enter, or press ? or * to list all spells.
You can't see any susceptible monsters within range! (Use Z to cast anyway.)
The orc warrior shoots a bolt.
The bolt hits you!!
Ouch! That really hurt!
The orc warrior shoots a bolt.
The bolt hits you!!
Ouch! That really hurt!
You die...

#......≈o ..
#......≈##o∩#≈
#......≈≈#o#≈≈
#......≈≈≈≈≈≈≈
#......≈≈≈≈≈≈≈
#......≈≈≈≈≈≈≈
#......≈≈≈≈≈≈≈
#.....@≈≈≈≈≈≈≈
#.....(≈≈≈≈≈≈≈
#....(.≈≈≈≈≈≈≈
#......≈≈≈≈≈≈≈
#......≈≈≈≈≈≈≈
#......≈≈≈≈≈≈≈
#......≈≈≈≈≈≈≈
#......≈≈≈≈≈≈≈
#......≈≈≈≈≈≈≈


You could see 2 orc warriors and an orc.

Vanquished Creatures
  Prince Ribbit (D:5)
  A wyvern (D:6)
  Menkaure (D:5)
  A water moccasin (D:6)
  A black bear (D:7)
  An ice beast (D:9)
  A sky beast (D:7)
  A centaur (D:5)
  2 ogres
  2 big kobolds (D:3)
  4 bullfrogs
  A scorpion (D:6)
  4 killer bees (D:8)
  3 wights (D:7)
  2 howler monkeys (D:7)
  A bullfrog zombie (D:6)
  A crimson imp (D:7)
  2 hounds
  A jelly (D:7)
  3 orc priests
  8 orc wizards
  Jessica (D:2)
  An iguana (D:7)
  3 worker ants
  2 hound zombies
  2 hound skeletons
  A worker ant zombie (D:8)
  A howler monkey skeleton (D:4)
  9 adders
  An ooze (D:5)
  An adder zombie (D:7)
  An adder skeleton (D:4)
  4 worms
  2 dart slugs
  3 leopard geckos
  29 orcs
  3 ball pythons
  3 giant cockroaches
  9 goblins
  12 hobgoblins
  17 jackals
  3 quokkas
  8 bats
  5 frilled lizards
  A jackal zombie (D:7)
  16 kobolds
  A leopard gecko zombie (D:6)
  2 quokka skeletons
  A quokka zombie (D:6)
  7 rats
191 creatures vanquished.

Vanquished Creatures (collateral kills)
  Harold (D:7)
  The ghost of coier the Protected, a novice GnWn of Okawaru (D:7)
  A sky beast (D:8)
  A necrophage (D:9)
  A centaur (D:8)
  Blork the orc (D:6)
  2 killer bees (D:8)
  4 wights (D:7)
  A bullfrog skeleton (D:8)
  An orc wizard (D:9)
  4 gnolls (D:9)
  4 orcs
  3 jackals (D:9)
25 creatures vanquished.

Grand Total: 216 creatures vanquished

Notes
Turn   | Place    | Note
-------+----------+-------------------------------------------
     0 | D:1      | Nixze the Deep Elf Ice Elementalist began the quest for the
                  | Orb.
     0 | D:1      | Reached XP level 1. HP: 10/10 MP: 6/6
   234 | D:1      | Reached XP level 2. HP: 12/15 MP: 3/8
   311 | D:1      | Learned a level 2 spell: Throw Frost
   947 | D:2      | Noticed Jessica
   952 | D:2      | Killed Jessica
   952 | D:2      | Reached skill level 4 in Spellcasting
   952 | D:2      | Reached XP level 3. HP: 18/19 MP: 4/10
  1337 | D:2      | Reached XP level 4. HP: 24/24 MP: 7/12
  2255 | D:3      | Reached XP level 5. HP: 24/28 MP: 5/14
  2439 | D:3      | Reached skill level 5 in Spellcasting
  2441 | D:3      | Reached skill level 5 in Ice Magic
  2444 | D:3      | Reached XP level 6. HP: 13/32 MP: 4/16
  3038 | D:3      | Noticed Grinder
  3040 | D:3      | Paralysed by Grinder for 4 turns
  3143 | D:2      | Learned a level 3 spell: Ozocubu's Armour
  3148 | D:2      | Learned a level 4 spell: Throw Icicle
  3153 | D:2      | Learned a level 4 spell: Summon Ice Beast
  3840 | D:4      | Reached skill level 1 in Charms
  4238 | D:4      | Reached skill level 1 in Summonings
  4252 | D:5      | Entered Level 5 of the Dungeon
  4573 | D:4      | Reached skill level 6 in Spellcasting
  5159 | D:4      | Reached XP level 7. HP: 33/36 MP: 13/18
  5756 | D:5      | Noticed Menkaure
  5922 | D:5      | Killed Menkaure
  5989 | D:5      | Noticed Prince Ribbit
  5995 | D:5      | Killed Prince Ribbit
  6067 | D:5      | Found a staircase to the Ecumenical Temple.
  6270 | D:5      | Reached skill level 5 in Conjurations
  6379 | D:5      | Found an opulent altar of Gozag.
  6508 | D:5      | Reached skill level 7 in Spellcasting
  6587 | D:5      | Reached XP level 8. HP: 25/41 MP: 3/20
  6765 | Temple   | Entered the Ecumenical Temple
  6964 | Temple   | Became a worshipper of Sif Muna the Loreminder
  7422 | D:6      | Found Peaf Eppuaqo's Distillery.
  7428 | D:6      | Bought a potion of brilliance for 52 gold pieces
  7428 | D:6      | Bought a potion of magic for 104 gold pieces
  7502 | D:6      | Reached skill level 5 in Charms
  7502 | D:6      | Noticed Blork the orc
  7510 | D:6      | Killed Blork the orc
  8585 | D:6      | Reached skill level 1 in Fighting
  9187 | D:7      | Got a pair of faintly glowing boots
  9198 | D:7      | Identified the +2 pair of boots of Winter {-Tele rElec
                  | Str+4 Int+8} (You found it on level 7 of the Dungeon)
  9348 | D:7      | Reached * piety under Sif Muna
  9354 | D:7      | Reached XP level 9. HP: 47/47 MP: 2/22
  9593 | D:7      | Noticed Harold
 10526 | D:7      | Killed Harold
 10526 | D:7      | Reached skill level 5 in Summonings
 10688 | D:7      | Reached skill level 8 in Spellcasting
 11083 | D:7      | Found a runed door.
 11083 | D:7      | Noticed coier's ghost (novice GnWn)
 11113 | D:7      | Killed coier's ghost
 11113 | D:7      | Reached skill level 5 in Stealth
 11381 | D:8      | Reached skill level 5 in Dodging
 11847 | D:9      | Reached ** piety under Sif Muna
 12051 | D:9      | Reached skill level 9 in Spellcasting
 12131 | D:9      | Found a flagged portal.
 12162 | Bailey   | Entered a bailey
 12244 | Bailey   | Shot with a bolt by an orc warrior

Skill      XL: |  1  2  3  4  5  6  7  8  9 |
---------------+----------------------------+-----
Spellcasting   | 4 5 6 7 9 |  9.0
Conjurations   | 2 3 4 5 6 7 |  7.0
Ice Magic      | 4 5 6 7 |  7.6
Charms         | 2 4 5 |  5.0
Summonings     | 1 3 4 5 |  5.0
Dodging        | 3 5 |  5.0
Stealth        | 3 5 |  5.2
Fighting       | 1 3 |  3.3

Action                   |  1- 3 |  4- 6 |  7- 9 || total
-------------------------+-------+-------+-------++-------
Melee: Unarmed           |     1 |       |       ||     1
       Short sword       |     7 |     7 |     1 ||    15
       Dagger            |       |       |    20 ||    20
 Cast: Freeze            |    39 |    92 |    88 ||   219
       Throw Frost       |    13 |    41 |   112 ||   166
       Throw Icicle      |       |    10 |    39 ||    49
       Summon Ice Beast  |       |       |    30 ||    30
Invok: Divine Energy     |       |       |     1 ||     1
  Use: Scroll            |       |     2 |    12 ||    14
 Stab: Distracted        |       |       |     1 ||     1
  Eat: Chunk             |     1 |    13 |    11 ||    25
       Ration            |       |       |     4 ||     4
Armor: Robe              |     8 |    12 |    20 ||    40
Dodge: Dodged            |    38 |    45 |    69 ||   152
